 Dungeon Crawl Stone Soup version 0.31-a0-210-gccc998df9b (webtiles) character file.

Game seed: 4012311117949294246

1 nono the Sneak (level 1, -6/18 HPs)
             Began as a Formicid Delver on June 30, 2023.
             Mangled by a phantom (7 damage)
             ... on level 4 of the Dungeon.
             The game lasted 00:00:58 (158 turns).

nono the Sneak (Formicid Delver)                     Turns: 158, Time: 00:00:59

Health: -6/18      AC:  3    Str: 16    XL:     1   Next: 22%
Magic:  1/1        EV: 12    Int:  9    God:
Gold:   13         SH:  0    Dex: 15    Spells: 0/0 levels left

rFire   . . .        a - +0 hand axe
rCold   . . .        (no shield)
rNeg    . . .        b - +0 leather armour
rPois   .            (helmet unavailable)
rElec   .            (no cloak)
rCorr   .            (no gloves)
SInv    +            (no boots)
Will    .....        (no amulet)
Stlth   +++          (no ring)
HPRegen 0.23/turn    (no ring)
MPRegen 0.07/turn

%: no passive effects
@: no status effects
A: permanent stasis, dig shafts and tunnels, antennae 3, four strong arms
a: Dig, Shaft Self


You were on level 4 of the Dungeon.
You visited 1 branch of the dungeon, and saw 2 of its levels.

You collected 13 gold pieces.

Inventory:

Hand Weapons
 a - a +0 hand axe (weapon)
Armour
 b - a +0 leather armour (worn)
Wands
 f - a wand of digging (3)
Scrolls
 c - a scroll of fog
 d - a scroll of revelation
Potions
 e - a potion of lignification {unknown}
 g - a potion of curing {unknown}


   Skills:
 + Level 3.3 Fighting
 + Level 2.0 Axes
 + Level 0.1 Armour
 - Level 1.7 Dodging
 - Level 6.0 Stealth


You couldn't memorise any spells.
You didn't know any spells.
Your spell library was empty.

Dungeon Overview and Level Annotations

Branches:
Dungeon (5/15)
 Temple: D:4-7

Altars:


Innate Abilities, Weirdness & Mutations

You cannot be hasted, slowed, berserked, paralysed or teleported.
You can dig through walls and to a lower floor.
You have a pair of large antennae on your head. (SInv)
Your four strong arms can wield two-handed weapons with a shield.


Message History

Found a sedimented white potion.
e - a sedimented white potion
Found a quarterstaff.
You open the door.
There is an open door here.
As you open the door, it creaks loudly!
Found a trident.
There is an open door here.
Found a leather armour.
You open the door.
There is an open door here.
You open the door.
Found a knobbly runed staff.
There is an open door here.
You see here a staff of earth.
You open the door.
Found a leather armour.
There is an open door here.
A phantom comes into view.
The phantom hits you but does no damage.
The phantom barely misses you.
Found a stone staircase leading up.
The phantom hits you! The phantom completely misses you.
The phantom attacks as you move away! The phantom closely misses you.
Found 5 stones.
The phantom attacks as you move away!
The phantom hits you but does no damage.
Found Maxwell's Memoranda.
There is a stone staircase leading up here.
The phantom hits you. The phantom hits you.
* * * LOW HITPOINT WARNING * * *
The phantom hits you.
* * * LOW HITPOINT WARNING * * *
You climb upwards.
Found 4 poisoned darts.
There is a stone staircase leading down here.
Okay, then.
The phantom attacks as you move away! The phantom hits you!
You die...

#.(..#
#....#
#....#
#....#
#....##
+.....+
{
#...W.#
#..@..#
#######
{


You could see a phantom.

Vanquished Creatures
  A quokka (D:5)
1 creature vanquished.

Notes
Turn   | Place    | Note
-------+----------+-------------------------------------------
     0 | D:5      | nono the Formicid Delver began the quest for the Orb.
     0 | D:5      | Reached XP level 1. HP: 18/18 MP: 1/1
    48 | D:5      | Noticed a scorpion
   141 | D:5      | Noticed a phantom
   158 | D:4      | Mangled by a phantom

Illustrated notes

Levels and vault maps discovered:
D:4:      layout_gridville
D:5:      layout_gridville, minitemple

Action                     || total
---------------------------++-------
  Melee: Hand axe          ||     5
    Use: Scroll            ||     1
 Armour: Leather armour    ||     2
  Dodge: Dodged            ||     6

Table legend: (Time is in decaauts)
 A = Elapsed time spent in this place.
 B = Non-inter-level travel time spent in this place.
 C = Inter-level travel time spent in this place.
 D = Time resting spent in this place.
 E = Time spent auto-exploring this place.
 F = Levels seen in this place.
 G = Mean time per level.
                   A        B        C        D        E       F      G
               +--------+--------+--------+--------+--------+-----+--------+
         Total |    158 |    156 |      2 |      0 |     37 |   2 |   79.0 |
       Dungeon |    158 |    156 |      2 |      0 |     37 |   2 |   79.0 |
               +--------+--------+--------+--------+--------+-----+--------+

Top non-repeatable levels by time:
     D:5: 158 daAuts
     D:4: 0 daAuts
